[Event "Mitropa Cup Open 2024"]
[Site "Apolda"]
[Date "2024.02.21"]
[Round "7.16"]
[White "Gallagher, Joseph G."]
[Black "Dotzer, Lukas"]
[Result "1/2-1/2"]
[ECO "B85"]
[WhiteElo "2427"]
[BlackElo "2335"]
[Annotator "TA"]
[PlyCount "76"]
[EventDate "2024.02.15"]
[EventType "team-tourn"]
[EventCountry "GER"]
[SourceTitle "playchess.com"]
[Source "ChessBase"]
[SourceQuality "1"]
[WhiteTeam "Switzerland"]
[BlackTeam "Austria"]
[WhiteTeamCountry "SUI"]
[BlackTeamCountry "AUT"]
[TimeControl "40/5400+30:1800+30"]

1. e4 c5 2. Nf3 d6 3. d4 cxd4 4. Nxd4 Nf6 5. Nc3 a6 6. Be2 e6 7. O-O Be7 8. f4 Qc7 9. Kh1 Nc6 10. Be3 O-O 11. Qe1 Nxd4 12. Bxd4 b5 13. a3 Bb7 14. Qg3 Rad8 15. Bf3 Ne8 16. Qf2 Rc8 17. Rae1 {[%emt 0:09:59] White is slightly better.} Bf6 18. e5 dxe5 19. fxe5 Be7 20. Bxb7 Qxb7 21. Ne4 Qc6 ({Black should play} 21... f5 $14 22. exf6 Nxf6 23. Bxf6 gxf6) 22. c3 $16 f5 23. exf6 Nxf6 24. Qh4 e5 25. Bxe5 {[%emt 0:01:34] White is more active.} Nxe4 26. Qxe7 Qg6 27. Bd4 $36 {[%emt 0:04:21][%mdl 2048] [#] Inhibits Rf2. Rxf8+ is the strong threat. White has strong initiative.} (27. Qd7 {simplifies} Rfd8 28. Qxg7+ Qxg7 29. Bxg7 Nd2 30. Bf6) 27... Rxf1+ 28. Rxf1 {[%emt 0:00:03] Black must now prevent Qd7.} Re8 29. Qd7 {[%emt 0:02:54][%cal Od4g7] Threatens to win with Bxg7!} Nd2 30. Rd1 Re2 (30... Nc4 $16) 31. Qd5+ $18 Qf7 32. Qa8+ Qf8 (32... Re8 $142 33. Qxa6 Qd7) 33. Qxa6 Rxg2 34. Qc6 $2 {[%emt 0:08:32] [#]} (34. Qe6+ $18 Kh8 35. Qd5 (35. Kxg2 Qf3+ 36. Kg1 Qxd1+ 37. Kf2 Qf1+ 38. Kg3 Qf3+ 39. Kh4 Qf4+ 40. Kh3 Qf3+ 41. Kh4 Qf4+ 42. Kh3 Qf3+ 43. Kh4 $11)) 34... Re2 (34... Rxh2+ $1 $11 35. Kxh2 Qf4+ 36. Kh1 Qh4+ 37. Kg2 Qg4+ 38. Kf2 Ne4+ 39. Ke3 (39. Ke1 Qg3+ 40. Ke2 Qg2+ 41. Ke3 Qg3+ 42. Ke2 Qg4+ 43. Ke1 Qg3+ 44. Ke2 $11) 39... Qg3+ 40. Ke2 Qg2+ 41. Ke3 Qg3+ 42. Ke2 Qg4+ (42... Qg2+ 43. Ke3 $11) 43. Kd3 Qxd1+ 44. Ke3 Qe1+ (44... Qd2+ 45. Kf3 $11) 45. Kf4 Qg3+ 46. Kf5 Qf3+ 47. Ke5 Qh5+ 48. Ke6 Qf7+ 49. Ke5 Qh5+ 50. Ke6 Qf7+ 51. Ke5 Qh5+) 35. Qd5+ (35. Qxb5 $2 Qf3+ 36. Kg1 Qg2#) (35. Rg1 $1 $16 {White threatens Qd5+ and mate.} Qf3+ 36. Qxf3 Nxf3 37. Rxg7+ Kf8 38. Rxh7 (38. Rg2 Re1+ 39. Bg1 Kf7 $14)) 35... Qf7 $11 {[%emt 0:00:28] The position is equal.} 36. Qa8+ (36. Qxb5 $2 {leads to mate.} Qf3+ 37. Kg1 Qg2#) 36... Qf8 37. Qd5+ Qf7 38. Qa8+ (38. Qxb5 $2 {is a self mate.} Qf3+ 39. Kg1 Qg2#) 38... Qf8 {[%emt 0:00:08] Weighted Error Value: White=0.20 (precise) /Black=0.24 (precise) .  Missed win:     	White=1     	---        Mistake:       	White=1     	Black=4      Inaccurate:     	White=2     	Black=1      OK:         	White=11    	Black=11     Best:        	White=3     	Black=3} 1/2-1/2

[Event "Mitropa Cup Open 2024"]
[Site "Apolda"]
[Date "2024.02.21"]
[Round "7.17"]
[White "Bluebaum, Matthias"]
[Black "Krstulovic, Alex"]
[Result "1/2-1/2"]
[ECO "A11"]
[WhiteElo "2655"]
[BlackElo "2414"]
[Annotator "TA"]
[PlyCount "86"]
[EventDate "2024.02.15"]
[EventType "team-tourn"]
[EventCountry "GER"]
[SourceTitle "playchess.com"]
[Source "ChessBase"]
[SourceQuality "1"]
[WhiteTeam "Germany"]
[BlackTeam "Hungary"]
[WhiteTeamCountry "GER"]
[BlackTeamCountry "HUN"]
[TimeControl "40/5400+30:1800+30"]

1. Nf3 d5 2. e3 Nf6 3. c4 c6 4. Nc3 Bf5 5. cxd5 cxd5 6. Qb3 Bc8 7. Bb5+ Nc6 {[%emt 0:02:08] [#]} 8. e4 $1 e6 9. d3 Be7 10. O-O O-O 11. Bf4 (11. e5 $14 Nd7 12. d4) 11... Na5 $15 12. Qd1 a6 13. Ba4 b5 14. Bc2 dxe4 15. dxe4 Qxd1 16. Rfxd1 Bb7 17. Ne5 Rfd8 18. a3 Rac8 19. Rxd8+ (19. Be3 $11) 19... Bxd8 $17 ({But not} 19... Rxd8 20. Be3 $11) 20. Rb1 Bc7 21. h3 Bxe5 22. Bxe5 {[%emt 0:00:04] [#]} Nc4 $1 23. Bg3 {[%emt 0:04:17] [#]} (23. Bxf6 $17 gxf6 24. a4) 23... Nxa3 $1 $19 24. bxa3 {[%emt 0:00:04] Black must now prevent Rb3.} Rxc3 25. Rd1 (25. Bb3 {was called for.}) 25... h6 ({Worse is} 25... Rxc2 26. Rd8+) 26. Rd8+ Kh7 27. e5+ Rxc2 (27... Ne4 $1 $19 28. Rd2 g6 (28... Rxa3 29. f3 $17) 29. Bxe4 Bxe4) 28. exf6 $15 gxf6 $19 {[%emt 0:15:51][%mdl 4096] Endgame. KRB-KRB} 29. Rd7 Bd5 30. Rxf7+ Kg6 31. Ra7 Rc6 32. Bf4 e5 33. Bd2 f5 34. Bb4 f4 35. Rd7 Be6 36. Rd6 Rxd6 37. Bxd6 $15 {[%emt 0:00:02] KB-KB} Kf5 38. Bc7 e4 39. f3 e3 40. Kf1 {[%emt 0:00:32] The position is equal.} Bc4+ 41. Ke1 Bd3 42. h4 h5 43. Ba5 Bc4 {[%emt 0:03:28] White happily takes the draw.   Weighted Error Value: White=0.09 (flawless) /Black=0.05 (flawless) .  Mistake:       	White=4     	Black=1      Inaccurate:     	---       	Black=1      OK:         	White=21    	Black=20     Best:        	White=4     	Black=3      Strong:       	---       	Black=1      Brilliant:      	---       	Black=1} 1/2-1/2

[Event "Mitropa Cup Open 2024"]
[Site "Apolda"]
[Date "2024.02.21"]
[Round "7.18"]
[White "Vanczak, Tamas"]
[Black "Svane, Rasmus"]
[Result "1/2-1/2"]
[ECO "C10"]
[WhiteElo "2431"]
[BlackElo "2637"]
[Annotator "TA"]
[PlyCount "108"]
[EventDate "2024.02.15"]
[EventType "team-tourn"]
[EventCountry "GER"]
[SourceTitle "playchess.com"]
[Source "ChessBase"]
[SourceQuality "1"]
[WhiteTeam "Hungary"]
[BlackTeam "Germany"]
[WhiteTeamCountry "HUN"]
[BlackTeamCountry "GER"]
[TimeControl "40/5400+30:1800+30"]

1. e4 e6 2. d4 d5 3. Nc3 Nf6 4. Bg5 dxe4 5. Nxe4 Nbd7 6. Nxf6+ Nxf6 7. Nf3 h6 8. Bh4 c5 9. c3 {[%emt 0:05:11] Nowadays more popular than 9.Bb5+. C10: French with 3 Nc3: Unusual Black 3rd moves and 3...dxe4.} cxd4 10. Nxd4 Bd7 11. Bc4 Bc5 12. O-O O-O 13. Re1 Rc8 $146 ({Predecessor:} 13... a6 14. Bb3 Be8 15. Re5 Rc8 16. Qd2 Bb5 17. Rd1 Bxd4 18. cxd4 Bc4 19. Bc2 Bd5 {1-0 Gromotka,H (2367)-Taffijn,M (1799) VW-Cup10 Gr38 email 2017}) 14. Bb3 Re8 15. Qd3 Bc6 16. Rad1 Bxd4 17. cxd4 (17. Qxd4 {simplifies} Qxd4 18. Rxd4 b5 19. Bxf6 gxf6 20. f3) 17... Bd5 18. Bc2 (18. Bxd5 {simplifies} Qxd5 19. Bxf6 gxf6 20. Re4) 18... Qc7 19. Bb1 Qc4 20. Qd2 Nd7 21. Bg3 Bc6 22. b3 Qd5 23. f3 Qg5 24. Bf4 Qf6 25. Bd6 Bd5 26. Qd3 Nf8 27. Re5 Rc6 28. Bb4 Rec8 29. Bd2 b6 30. Rde1 a5 31. f4 Ng6 32. Rh5 Rd6 33. f5 exf5 34. Rxf5 Qh4 35. Rfe5 Qg4 36. R5e2 $1 Bc6 37. Rf2 Rxd4 38. Qa6 (38. Qf5 {simplifies} Qxf5 39. Bxf5 Re8 40. Rxe8+ Bxe8 41. Bxg6 fxg6 42. Be3) 38... Rcd8 39. Qxb6 Ba8 $2 (39... Rxd2 $15 40. Rxd2 Rxd2 41. Qxc6 Qd4+ 42. Kh1 Nf8) 40. Bf5 $18 (40. Bxa5 $2 Nf4 $19) 40... Qh5 41. Bxa5 (41. Qxa5 R4d5 42. Qa4 Rxf5 $15) 41... Nf8 (41... Rd1 {might work better.}) 42. Qxd8 Rxd8 43. Bxd8 Ne6 (43... g6 {was worth a try.}) 44. Be7 ({Less strong is} 44. Bxe6 fxe6 45. Bc7 Qc5 $16) (44. h4 $18 {Hoping for g4.} g5 45. hxg5 (45. Bxe6 fxe6 46. hxg5 hxg5 $18) 45... hxg5 46. Bf6 (46. Bxe6 fxe6 47. Bf6 Bb7 $18)) 44... Nd4 $16 45. Bd3 Bc6 46. Rf4 (46. Bc4 $16 Bd5 47. Bxd5 Qxd5 48. Kh1) 46... Qd5 {[%emt 0:02:32] [#]} (46... Qa5 $11 47. b4 Qxa2) 47. Be4 ({White has to play} 47. Bf1 $1 $16) 47... Qa5 $1 $11 ({Don't blunder} 47... Qe5 $2 48. Bh7+ Kxh7 49. Rxe5 $18) 48. b4 $1 Qxa2 ({Avoid the trap} 48... Qe5 $2 49. Bh7+ Kxh7 50. Rxe5 $18) 49. Bxc6 Nxc6 50. Bc5 Qd5 51. Ref1 f6 52. h3 Ne5 53. Rd4 Qb3 54. Rfd1 Kh7 1/2-1/2

[Event "Mitropa Cup Open 2024"]
[Site "Apolda"]
[Date "2024.02.21"]
[Round "7.19"]
[White "Kollars, Dmitrij"]
[Black "Pasztor, Balazs"]
[Result "1-0"]
[ECO "C28"]
[WhiteElo "2632"]
[BlackElo "2395"]
[Annotator "TA"]
[PlyCount "128"]
[EventDate "2024.02.15"]
[EventType "team-tourn"]
[EventCountry "GER"]
[SourceTitle "playchess.com"]
[Source "ChessBase"]
[SourceQuality "1"]
[WhiteTeam "Germany"]
[BlackTeam "Hungary"]
[WhiteTeamCountry "GER"]
[BlackTeamCountry "HUN"]
[TimeControl "40/5400+30:1800+30"]

1. e4 e5 2. Bc4 Nc6 3. Nc3 Nf6 4. d3 Na5 5. Bb3 Bb4 6. Nf3 {[%emt 0:00:39] C28: Vienna Game: 2...Nf6 3 Bc4 Nc6.} Nxb3 7. axb3 d5 8. O-O dxe4 9. Nxe5 $146 ({Predecessor:} 9. Nxe4 Nxe4 10. dxe4 Qxd1 11. Rxd1 f6 12. Be3 a6 13. Ne1 Be7 14. f3 Be6 15. Nd3 {0-1 Cheb Terrab,A (2027)-Sarquis,M (2214) ARG-ch sf 93rd 2018 (7)}) 9... exd3 10. Nxd3 Be7 11. Qf3 O-O 12. Re1 c6 13. h3 Be6 14. Be3 Bxb3 15. Nc5 Bd5 16. Nxd5 cxd5 17. Nd3 b6 18. Bxb6 axb6 19. Rxa8 Qxa8 20. Rxe7 Qa4 21. Re2 Rc8 22. b3 Qa1+ 23. Kh2 h6 24. Qf5 Rc6 25. Nb4 Rc5 26. Qf4 Rc8 27. Qf5 Rc5 28. Nd3 Rc6 29. Qf4 Qd1 30. Rd2 Qh5 31. f3 (31. Nb4 {is more complex.} Re6 32. f3 Re1 33. Rf2) 31... Qg5 32. Qxg5 hxg5 33. Nb4 Rc5 34. Kg1 Kf8 35. Re2 $1 d4 36. Rd2 Nd5 37. Nxd5 Rxd5 38. c4 Rd6 ({Black should try} 38... Re5 $14) 39. Kf2 $16 Ke7 40. Ke2 b5 41. Kd3 bxc4+ 42. Kxc4 Ke6 {[%emt 0:02:15] [#]} (42... Rc6+ $16 {was called for.} 43. Kxd4 Kd6) 43. b4 $1 $18 (43. Rxd4 Rc6+ 44. Kb5 Rc8 $18) 43... f5 44. b5 (44. Rxd4 Rc6+ 45. Kb3 Rb6 $18) 44... Ke5 45. Re2+ Kf4 {[%emt 0:01:03] [#]} 46. Kd3 $1 Rb6 47. Rb2 (47. Kxd4 Rxb5 48. Rc2 Ra5 $15) 47... Ke5 48. Kc4 g4 49. Re2+ (49. fxg4 fxg4 50. hxg4 d3 $18) 49... Kf4 $2 (49... Kd6 50. fxg4 (50. Kxd4 gxh3 51. gxh3 Rxb5 $11) (50. hxg4 fxg4 51. fxg4 Kc7 $18) 50... fxg4) 50. hxg4 $18 (50. Kxd4 $2 gxh3 (50... gxf3 51. Rf2 $11) (50... Rxb5 51. hxg4 fxg4 52. Re4+ Kf5 53. Ke3 $11) 51. gxh3 Rxb5 $19) 50... Rd6 51. Kd3 (51. gxf5 $2 d3 52. Rd2 Ke3 $19) 51... Rb6 52. Rb2 ({Weaker is} 52. Kxd4 Rxb5 53. gxf5 Rb4+ 54. Kc3 Rb7 $14) 52... fxg4 53. fxg4 ({Less strong is} 53. Kxd4 gxf3 54. Kc5 Rb8 $11) 53... Ke5 54. Rb4 Kd5 55. Rxd4+ Kc5 (55... Ke5 $142 56. Rb4 Kd5) 56. Ke4 $18 ({Inferior is} 56. Rd7 Rg6 $11) 56... Kxb5 57. Rd7 (57. Ke5 $142 Rg6 58. Kf5 Rf6+ 59. Kg5) 57... Kc6 58. Rxg7 Rb5 59. Re7 Kd6 60. Re8 Kd7 61. Re5 Rb8 62. g5 Kd6 63. Kf4 Rb2 64. Re1 Kd5 1-0

[Event "Mitropa Cup Open 2024"]
[Site "Apolda"]
[Date "2024.02.21"]
[Round "7.20"]
[White "Karacsonyi, Gellert"]
[Black "Svane, Frederik"]
[Result "0-1"]
[ECO "C02"]
[WhiteElo "2398"]
[BlackElo "2625"]
[Annotator "TA"]
[PlyCount "74"]
[EventDate "2024.02.15"]
[EventType "team-tourn"]
[EventCountry "GER"]
[SourceTitle "playchess.com"]
[Source "ChessBase"]
[SourceQuality "1"]
[WhiteTeam "Hungary"]
[BlackTeam "Germany"]
[WhiteTeamCountry "HUN"]
[BlackTeamCountry "GER"]
[TimeControl "40/5400+30:1800+30"]

1. e4 e6 2. d4 d5 3. e5 c5 4. c3 Nc6 5. Nf3 Bd7 6. Be2 Nge7 7. O-O Nf5 8. dxc5 Bxc5 9. Nbd2 O-O 10. c4 (10. Nb3 $14 Bb6 11. Bd3) 10... Bb6 11. Bd3 {[%emt 0:05:23] The position is equal.} Nfd4 12. Nxd4 (12. Re1 {simplifies} g6 13. h3 f6 14. Nxd4 Nxd4 15. cxd5 exd5 16. Nf3) 12... Nxd4 13. Qh5 (13. b4 {simplifies} dxc4 14. Nxc4 Bc6 15. Bf4) 13... g6 14. Qh6 {[%emt 0:03:17] [#]} Bc6 $1 15. Nb3 (15. Rd1 $15) 15... dxc4 $17 16. Bxc4 Nf5 17. Qg5 a5 ({Black should play} 17... Qc7 $19 18. Qf4 Rfd8) 18. Qxd8 Rfxd8 19. Bg5 {[%emt 0:00:14] [#]} (19. a4 $17 {is a better defense.}) 19... Rdc8 (19... a4 $1 $19 20. Bxd8 Rxd8) 20. Nd2 Bd4 {[%emt 0:03:29][%csl LRb2,LRe5] Black is more active.} 21. Bf6 {[%emt 0:00:36] Now White is beyond hope.} (21. g4 $17 Ng7 22. Rab1) 21... Bxb2 $19 22. Rab1 Bc3 23. Rfd1 Ng7 24. f4 Nh5 (24... Bd4+ $19 25. Kf1 Nf5) 25. Bg5 $17 Kg7 $36 {[%emt 0:00:12][%mdl 2048] ...h6 would now be deadly. Black is really pushing.} 26. g3 f6 27. exf6+ Nxf6 28. Bxe6 (28. Bxf6+ $17 Kxf6 29. Kf2) 28... Re8 $19 29. Bxf6+ Kxf6 ({Don't take} 29... Bxf6 30. Bg4 $17) 30. Bc4 (30. Bh3 {keeps fighting.} Rad8 31. Nc4) 30... Rad8 31. Nb3 a4 32. Na1 {[%emt 0:00:36] [#]} (32. Rxd8 $142 Rxd8 33. Kf2 axb3 34. Rxb3 Bd4+ 35. Ke2) 32... b5 $1 {[%emt 0:01:36][%mdl 512] White is weak on the dark squares. Black is clearly winning.} 33. Be2 (33. Bd3 Bf3) 33... Rxd1+ 34. Bxd1 Be4 35. Nc2 Rd8 36. Rc1 Bb2 {[%emt 0:00:11] A strong pair of Bishops.} 37. Rb1 a3 {[%emt 0:00:03] Weighted Error Value: White=0.72/Black=0.15 (very precise) .  Mistake:       	White=7     	Black=3      Inaccurate:     	White=4     	Black=1      OK:         	White=7     	Black=6      Best:        	White=3     	Black=4      Strong:       	---       	Black=1} 0-1

[Event "Mitropa Cup Open 2024"]
[Site "Apolda"]
[Date "2024.02.22"]
[Round "8.1"]
[White "Krstulovic, Alex"]
[Black "Georgiadis, Nico"]
[Result "1/2-1/2"]
[ECO "D38"]
[WhiteElo "2414"]
[BlackElo "2547"]
[Annotator "RC"]
[PlyCount "61"]
[EventDate "2024.02.15"]
[EventType "team-tourn"]
[EventCountry "GER"]
[SourceTitle "playchess.com"]
[Source "ChessBase"]
[SourceQuality "1"]
[WhiteTeam "Hungary"]
[BlackTeam "Switzerland"]
[WhiteTeamCountry "HUN"]
[BlackTeamCountry "SUI"]
[TimeControl "40/5400+30:1800+30"]

1. d4 Nf6 2. Nf3 d5 3. c4 e6 4. Nc3 Bb4 5. Bg5 h6 6. Bxf6 Qxf6 7. e3 O-O 8. Rc1 Nc6 9. cxd5 exd5 10. Be2 Ne7 11. Qb3 Qd6 12. O-O c6 13. e4 dxe4 14. Nxe4 Qe6 15. Qxb4 Nd5 16. Qa3 Qxe4 17. Rfe1 Qf4 18. Bd3 Bf5 19. Ne5 Rfe8 20. g3 Qg5 21. Bxf5 Qxf5 22. Nc4 Re4 23. Nd6 Rxe1+ 24. Rxe1 Qd7 25. Nc4 Qf5 26. Nd6 Qd7 27. Nc4 Qg4 28. Qb3 Qd7 29. Qa3 Qg4 30. Qb3 Qd7 31. Qa3 1/2-1/2

[Event "Mitropa Cup Open 2024"]
[Site "Apolda"]
[Date "2024.02.22"]
[Round "8.2"]
[White "Bogner, Sebastian"]
[Black "Juhasz, Agoston"]
[Result "1-0"]
[ECO "E04"]
[WhiteElo "2538"]
[BlackElo "2410"]
[Annotator "TA"]
[PlyCount "105"]
[EventDate "2024.02.15"]
[EventType "team-tourn"]
[EventCountry "GER"]
[SourceTitle "playchess.com"]
[Source "ChessBase"]
[SourceQuality "1"]
[WhiteTeam "Switzerland"]
[BlackTeam "Hungary"]
[WhiteTeamCountry "SUI"]
[BlackTeamCountry "HUN"]
[TimeControl "40/5400+30:1800+30"]

1. Nf3 d5 2. d4 Nf6 3. c4 e6 4. g3 dxc4 5. Bg2 a6 6. O-O Nc6 7. a4 Rb8 8. a5 b5 {[%emt 0:01:39] E04: Open Catalan: 5 Nf3.} 9. axb6 cxb6 10. Bf4 Bd6 11. Ne5 Ne7 $1 12. Nxc4 Bxf4 13. gxf4 O-O 14. e3 Qc7 15. Nbd2 Bb7 16. Bxb7 $146 ({Predecessor:} 16. Ne5 Bxg2 17. Kxg2 Nf5 18. Qa4 b5 19. Qxa6 Qc2 20. Qa5 Ne4 21. Rfd1 Nh4+ 22. Kf1 {0-1 Scarella,E (2348)-Slipak,S (2502) ARG Circuit Vicente Lopez 2004 (1.2)}) 16... Qxb7 17. Qf3 a5 18. Qxb7 Rxb7 19. Rfc1 Nfd5 20. Nd6 Rd7 21. N2c4 Nc6 22. Nb5 Na7 23. Ne5 Re7 24. Nd6 Rd8 25. Ne4 (25. Nc6 $5 Rxd6 26. Nxa7 $15) 25... Rc8 26. Nd6 Rxc1+ 27. Rxc1 f6 28. Nc8 Rc7 $2 (28... fxe5 $11 29. Nxe7+ Nxe7) 29. Rxc7 $18 Nxc7 30. Nxa7 fxe5 31. fxe5 a4 (31... Kf8 $142 32. Kf1 Nd5) 32. Kf1 $1 $18 b5 {[%emt 0:01:30] [#]} 33. Ke2 $1 b4 34. Kd3 a3 (34... Nd5 $142 35. Kc4 g5) 35. bxa3 $18 bxa3 36. Kc2 Nd5 37. Kb3 a2 38. Kxa2 Nc3+ 39. Kb3 Nd1 (39... Ne4 $142 40. f4 Kf8) 40. Kc4 Nxf2 41. Kc5 Ng4 42. Kd6 Kf7 43. Nc6 g5 44. Nd8+ Kg6 45. Nxe6 Nxe3 46. Nd8 $2 (46. Nc7 h5 47. d5 Nf5+ 48. Kc5) 46... Nf5+ $2 (46... h5) 47. Kc5 $18 h5 48. d5 h4 49. d6 Ng7 50. d7 g4 {[%emt 0:00:09] [#]} 51. Kd6 $1 g3 52. hxg3 hxg3 53. Ne6 1-0

[Event "Mitropa Cup Open 2024"]
[Site "Apolda"]
[Date "2024.02.22"]
[Round "8.3"]
[White "Vanczak, Tamas"]
[Black "Fecker, Noah"]
[Result "1/2-1/2"]
[ECO "B12"]
[WhiteElo "2431"]
[BlackElo "2397"]
[Annotator "TA"]
[PlyCount "79"]
[EventDate "2024.02.15"]
[EventType "team-tourn"]
[EventCountry "GER"]
[SourceTitle "playchess.com"]
[Source "ChessBase"]
[SourceQuality "1"]
[WhiteTeam "Hungary"]
[BlackTeam "Switzerland"]
[WhiteTeamCountry "HUN"]
[BlackTeamCountry "SUI"]
[TimeControl "40/5400+30:1800+30"]

1. e4 c6 2. d4 d5 3. e5 c5 4. Nf3 cxd4 5. Nxd4 Nc6 6. Nxc6 bxc6 7. Bd3 e6 8. O-O a5 9. Qe2 Ne7 10. Be3 Ng6 11. f4 Be7 12. c3 Rb8 13. b3 c5 14. c4 O-O 15. Na3 d4 16. Bd2 Bb7 17. Qh5 Qd7 {[%emt 0:06:50] Wards off Nb5} (17... Ra8 $11 {keeps the balance.}) 18. Nb5 $1 $16 a4 19. bxa4 {[%emt 0:01:06] White is much more active.} Ra8 20. a5 Bd8 21. Nd6 {[%emt 0:06:34] [#] Black must now prevent f5.} Bxa5 (21... Bc6 $16) 22. Nxb7 $2 (22. Bxa5 $18 Rxa5 23. f5 exf5 24. Bxf5) 22... Qxb7 23. Rab1 Qc7 24. Bc1 Rfb8 25. Rxb8+ Qxb8 26. Qf3 Ra7 27. Qe4 Bb4 28. Bb1 Ba3 29. Bxa3 {[%emt 0:02:29] The position is equal.} Rxa3 30. Qc6 Ra5 31. Be4 {[%emt 0:01:49] [#] Rb1 would now be deadly.} Rxa2 32. Rb1 {[%emt 0:02:17] Prevents Qb3} Rb2 33. Ra1 (33. Rxb2 $2 Qxb2 34. g3 Qc1+ 35. Kf2 Nf8 $19 (35... Qxc4 $2 36. Qa8+ Nf8 37. Qa3 $19)) 33... Qf8 (33... Nxf4 $2 {too greedy.} 34. Ra8 g5 (34... Ne2+ $2 35. Kf1 $18) 35. Rxb8+ Rxb8 36. Qc7 $18 (36. Qxc5 d3 $18)) 34. g3 Rb8 $1 35. Ra7 Rc8 36. Qb7 Rb8 37. Qc6 Rc8 38. Qb7 Rb8 39. Qc7 Rc8 40. Qb7 {[%emt 0:00:43] Weighted Error Value: White=0.13 (very precise) /Black=0.12 (very precise) .  Missed win:     	White=1     	---        Mistake:       	---       	Black=2      Inaccurate:     	White=2     	Black=3      OK:         	White=16    	Black=15     Best:        	White=4     	---        Strong:       	White=1     	Black=1} 1/2-1/2

[Event "Mitropa Cup Open 2024"]
[Site "Apolda"]
[Date "2024.02.22"]
[Round "8.4"]
[White "Gallagher, Joseph G."]
[Black "Karacsonyi, Gellert"]
[Result "1/2-1/2"]
[ECO "C50"]
[WhiteElo "2427"]
[BlackElo "2398"]
[Annotator "TA"]
[PlyCount "80"]
[EventDate "2024.02.15"]
[EventType "team-tourn"]
[EventCountry "GER"]
[SourceTitle "playchess.com"]
[Source "ChessBase"]
[SourceQuality "1"]
[WhiteTeam "Switzerland"]
[BlackTeam "Hungary"]
[WhiteTeamCountry "SUI"]
[BlackTeamCountry "HUN"]
[TimeControl "40/5400+30:1800+30"]

1. e4 e5 2. Nf3 Nc6 3. Bc4 Bc5 4. d3 Nf6 5. O-O d6 6. a4 a5 7. Nbd2 O-O 8. c3 Ba7 9. h3 Ne7 10. Re1 Ng6 11. Nf1 Be6 12. Bxe6 fxe6 13. d4 exd4 14. Nxd4 (14. cxd4 $11 Nh5 15. Be3) 14... Qd7 $15 15. Qb3 d5 16. Ng3 Kh8 17. exd5 (17. Qxb7 $2 Bxd4 18. cxd4 Rfb8 $19) 17... exd5 18. Be3 (18. Qxb7 $2 Bxd4 (18... Rfb8 19. Qc6 $11) 19. Qb5 (19. cxd4 $2 Rfb8 $19) 19... c6 $19) 18... Ne5 19. Ndf5 {[%emt 0:11:27] And now Bxa7 would win.} Nd3 20. Red1 ({White should play} 20. Bxa7 Nxe1 21. Bc5) 20... Bxe3 $11 21. Nxe3 {[%emt 0:04:12] [#]} Nxf2 22. Rd2 (22. Kxf2 Ng4+ (22... Ne4+ 23. Kg1 $11) 23. Kg1 (23. Ke2 $2 Rae8 $19) 23... Nxe3 $19) 22... N2e4 23. Nxe4 Nxe4 24. Qxd5 Qe7 25. Re2 c6 (25... Ng3 $5 26. Ree1 $8 c6 $11) 26. Nf5 {[%emt 0:01:27] [#] Black must now prevent Qg8+.} Nxc3 (26... Qc5+ {simplifies} 27. Qxc5 Nxc5 28. Nd6 Kg8) 27. Qg8+ $1 Rxg8 28. Rxe7 Nd5 29. Rxb7 Rgb8 30. Rxb8+ ({Much worse is} 30. Rxg7 Rxb2 31. Rc1 Ne3) (30. Nd6 $14) 30... Rxb8 $14 {[%emt 0:00:06][%mdl 4096] Endgame. KRN-KRN. The position is equal.} 31. Rc1 g6 32. Nd4 Rxb2 33. Nxc6 Nf4 {[%emt 0:01:09] aiming for ...Ne2+.} 34. Rc4 g5 35. h4 Rxg2+ 36. Kf1 Ra2 37. hxg5 Ra1+ 38. Kf2 Nd3+ 39. Kg3 Nb2 40. Rd4 Ra3+ {[%emt 0:00:10] Weighted Error Value: White=0.09 (flawless) /Black=0.07 (flawless) .  Mistake:       	White=3     	---        Inaccurate:     	White=1     	Black=3      OK:         	White=16    	Black=11     Best:        	White=2     	Black=1      Strong:       	White=1     	---} 1/2-1/2

[Event "Mitropa Cup Open 2024"]
[Site "Apolda"]
[Date "2024.02.22"]
[Round "8.5"]
[White "Sahidi, Samir"]
[Black "Baidetskyi, Valentin"]
[Result "1-0"]
[ECO "E71"]
[WhiteElo "2478"]
[BlackElo "2499"]
[Annotator "TA"]
[PlyCount "76"]
[EventDate "2024.02.15"]
[EventType "team-tourn"]
[EventCountry "GER"]
[SourceTitle "playchess.com"]
[Source "ChessBase"]
[SourceQuality "1"]
[WhiteTeam "Slovakia"]
[BlackTeam "Austria"]
[WhiteTeamCountry "SVK"]
[BlackTeamCountry "AUT"]
[TimeControl "40/5400+30:1800+30"]

1. d4 Nf6 2. c4 g6 3. Nc3 Bg7 4. e4 d6 5. h3 e5 6. d5 a5 7. Be3 Na6 8. g4 {[%emt 0:04:18][%cal Bg2g4,Bg4g5][%mdl 32] White is slightly better.} h5 9. g5 Nd7 10. Qd2 Ndc5 11. h4 O-O 12. Bh3 (12. f3 $14) 12... Bd7 13. Nge2 Bxh3 14. Rxh3 c6 15. Rd1 Qc8 16. Rg3 Rd8 17. Nc1 Kh7 18. Nd3 cxd5 {[%emt 0:03:35] [#] Threatens to win with ...d4.} 19. Nxc5 dxc5 20. Nxd5 Nb4 21. a3 Nxd5 22. cxd5 a4 23. Qe2 b6 24. Qb5 Rd6 25. Ke2 Ra5 26. Qd3 Qe8 27. Bd2 Ra7 28. Rf1 Re7 29. Kd1 Kg8 30. Kc1 b5 31. Qc2 Rc7 32. Kb1 (32. Ba5 $14 Rc8 33. Rc3) 32... Rc8 (32... Rdd7 $11) 33. Rc3 $14 c4 34. Re3 Rb6 35. Bb4 Bf8 36. Qc3 Bxb4 37. axb4 Qe7 (37... Ra6 $11) 38. f4 $16 exf4 {[%emt 0:00:00] Weighted Error Value: White=0.11 (very precise) /Black=0.16 (very precise) .  Mistake:       	White=2     	Black=2      Inaccurate:     	White=4     	Black=2      OK:         	White=12    	Black=18     Best:        	White=1     	Black=1} 1-0